 Dungeon Crawl Stone Soup version 0.21.1-1-g345015f (webtiles) character file.

168 Mirai the Chopper (level 5, -2/42 HPs)
             Began as a Demonspawn Berserker on Feb 21, 2018.
             Was a Priest of Trog.
             Slain by an adder (4 damage)
             ... on level 3 of the Dungeon.
             The game lasted 00:06:04 (1772 turns).

Mirai the Chopper (Demonspawn Berserker)            Turns: 1772, Time: 00:06:05

Health: -2/42      AC:  8    Str: 17 (18) XL:     5   Next: 24%
Magic:  5/5        EV:  7    Int:  6 (8)  God:    Trog [***...]
Gold:   108        SH:  0    Dex: 10 (13) Spells: 4/4 levels left

rFire    . . .     SeeInvis .   a - +0 hand axe
rCold    . . .     Gourm    .   (no shield)
rNeg     . . .     Faith    .   h - +0 chain mail
rPois    .         Spirit   .   (helmet restricted)
rElec    .         Reflect  .   (no cloak)
rCorr    .         Harm     .   (no gloves)
MR       ++...                  (no boots)
Stlth    ..........             (no amulet)
HPRegen  1.14/turn              (no ring)
MPRegen  0.09/turn              (no ring)

@: lethally poisoned (-2 -> -2), berserk cooldown, regenerating
A: antennae 1, powered by pain 1
a: Berserk, Trog's Hand, Burn Spellbooks, Renounce Religion


You were on level 3 of the Dungeon.
You worshipped Trog.
Trog was most pleased with you.
You were very hungry.

You visited 1 branch of the dungeon, and saw 3 of its levels.

You collected 108 gold pieces.

Inventory:

Hand Weapons
 a - a +0 hand axe (weapon)
 k - a cursed -1 short sword
 p - a +0 short sword
Armour
 h - a +0 chain mail (worn)
 r - a +0 ring mail
Jewellery
 b - a cursed ring of stealth {unknown}
Scrolls
 d - 2 scrolls of remove curse {unknown}
 e - 2 scrolls of amnesia {unknown}
 g - a scroll of magic mapping {unknown}
 i - a scroll of immolation {unknown}
 j - a scroll of teleportation {unknown}
 n - a scroll of identify {unknown}
 o - a scroll of enchant weapon {unknown}
Comestibles
 c - 4 rations


   Skills:
 + Level 3.8 Fighting
 + Level 4.3 Axes
 + Level 2.6 Armour
 + Level 2.1 Dodging
 + Level 0.4 Stealth


You had 4 spell levels left.
You didn't know any spells.

Dungeon Overview and Level Annotations

Branches:
Dungeon (3/15)

Altars:


Innate Abilities, Weirdness & Mutations

You have a pair of small antennae on your head.
You sometimes gain a little power by taking damage.


Message History

The adder barely misses you.
It was a potion of degeneration.
There was something very wrong with that liquid.
You feel weakened.
You feel dopey.
You feel clumsy. The adder barely misses you.
It was a potion of cancellation.
Your magical effects are unravelling.
You feel magically purged.
You float gracefully downwards.
You feel a little less clever now.
You feel sick. The adder bites you.
* * * LOW HITPOINT WARNING * * *
Unknown command.
You barely miss the adder.
The adder is almost dead.
The adder bites you but does no damage. x2
Your skin crawls.
You feel resistant to hostile enchantments.
You are feeling very hungry.
The adder bites you.
You die...

#........
.......
......
#....#
#.... ...
#S# #@#
#)#####
#()...#
#####.#
#.#
#.#####
#.....#
#####.#
#.#


You could see an adder.

Vanquished Creatures
  2 orc priests (D:3)
  3 adders (D:2)
  4 dart slugs (D:2)
  4 leopard geckos
  7 orcs (D:3)
  A ball python (D:2)
  A giant cockroach (D:1)
  13 goblins
  4 hobgoblins
  2 quokkas
  8 bats
  4 frilled lizards
  3 kobolds
  11 rats
67 creatures vanquished.

Notes
Turn   | Place    | Note
-------+----------+-------------------------------------------
     0 | D:1      | Mirai the Demonspawn Berserker began the quest for the Orb.
     0 | D:1      | Reached XP level 1. HP: 18/18 MP: 1/1
   280 | D:1      | Gained mutation: You have a pair of small antennae on your head. [demonic ancestry]
   280 | D:1      | Reached XP level 2. HP: 24/24 MP: 2/2
   546 | D:1      | Reached skill level 3 in Axes
   708 | D:1      | Reached ** piety under Trog
   856 | D:2      | Reached XP level 3. HP: 27/29 MP: 3/3
  1198 | D:2      | Reached XP level 4. HP: 20/35 MP: 4/4
  1741 | D:3      | Reached *** piety under Trog
  1741 | D:3      | Received a gift from Trog
  1744 | D:3      | Reached skill level 4 in Axes
  1757 | D:3      | Gained mutation: You sometimes gain a little power by taking damage. [demonic ancestry]
  1757 | D:3      | Reached XP level 5. HP: 15/42 MP: 5/5
  1770 | D:3      | HP: 1/42 [adder (3)]
  1772 | D:3      | Slain by an adder

Skill      XL: |  1  2  3  4 |
---------------+-------------+-----
Armour         | 2 |  2.6
Axes           | 3 4 |  4.3
Dodging        | 2 |  2.1
Fighting       | |  3.8
Stealth        | |  0.4

Action                   |  1- 3 |  4- 6 || total
-------------------------+-------+-------++-------
Melee: Hand axe          |   121 |    86 ||   207
Invok: Berserk           |       |     1 ||     1
       Trog's Hand       |       |     1 ||     1
  Use: Potion            |       |     4 ||     4
  Eat: Chunk             |     1 |     2 ||     3
Armor: Animal skin       |    14 |       ||    14
       Chain mail        |    77 |    40 ||   117
Dodge: Dodged            |    74 |    34 ||   108
